AoeStats
← Friedsotong

Black Forest

509842900Analyzed
4v4 RM · 3d ago on Sep 28, 2026· 51m 25s· 8 players
Game mode
Random Map
Map size
Large (8 player)
Population
200
Speed
Normal
Resources
Standard
Victory
Conquest
Starting age
Dark Age
Ending age
Imperial Age
RankedLock teamsTeams togetherTeam positionsShared explorationLock speedFull tech treeHidden civsTurbo modeCheats
Victory
Defeat
🇸🇬 Poles · Singapore
859
+9
🇮🇳 Italians · India
799
+11
🇪🇸 Celts · Spain
726
+14
🇩🇪 Britons · Germany
654
+18
🇹🇼 Chinese · Taiwan
770
-15
🇩🇪 Lithuanians · Germany
710
-18
🇻🇳 Vietnamese · Vietnam
661
-12
🇩🇪 Varangians · Germany
638
-17
vanvuongnguyen614
0:30 Loom
12:09 Feudal Age
17:11 Castle Age
17:39 Double-Bit Axe
21:07 Bow Saw
22:03 Horse Collar
23:06 Heavy Plow
24:24 Fletching
27:37 Stone Mining
29:08 Stone Shaft Mining
32:39 Bodkin Arrow
32:45 Padded Archer Armor
33:56 Forging
33:23 Elite Skirmisher
34:28 Leather Archer Armor
35:22 Ballistics
37:54 Imperial Age
35:37 Gold Mining
40:57 Imperial Skirmisher
46:09 Two-Man Saw
TreffNIx
14:49 Feudal Age
19:31 Castle Age
17:30 Horse Collar
17:42 Double-Bit Axe
17:45 Horse Collar
18:10 Stone Mining
24:44 Double-Bit Axe
25:02 Heavy Plow
25:49 Scale Barding Armor
26:05 Bow Saw
27:44 Chain Barding Armor
27:36 Forging
31:02 Imperial Age
30:35 Iron Casting
32:14 Gold Mining
33:18 Wheelbarrow
33:32 Elite Leitis
35:46 Two-Man Saw
36:50 Plate Barding Armor
36:51 Cavalier
44:03 Paladin
46:50 Hand Cart
Ser_Gen_T
4:32 Loom
12:09 Feudal Age
12:33 Horse Collar
12:41 Double-Bit Axe
19:56 Castle Age
21:11 Heavy Plow
25:36 Bow Saw
25:40 Stone Mining
25:41 Gold Mining
34:51 Imperial Age
33:17 Wheelbarrow
34:21 Forging
34:12 Scale Mail Armor
34:19 Caravan
34:57 Elite Varangian Guard
36:57 Arson
37:01 Gambesons
37:59 Iron Casting
37:40 Chain Mail Armor
40:19 Gothikon
43:46 Plate Mail Armor
47:25 Blast Furnace
NDS
0:40 Loom
11:44 Feudal Age
19:38 Castle Age
19:07 Double-Bit Axe
19:49 Horse Collar
20:40 Bow Saw
23:05 Heavy Plow
24:22 Wheelbarrow
23:33 Town Watch
28:48 Pikeman
29:29 Squires
32:33 Hand Cart
32:20 Town Patrol
33:03 Caravan
32:58 Fletching
33:08 Padded Archer Armor
33:19 Forging
33:09 Scale Mail Armor
36:18 Imperial Age
35:13 Ballistics
34:49 Murder Holes
37:37 Conscription
36:58 Halberdier
38:43 Conscription
38:25 Great Wall
42:49 Iron Casting
48:23 Bodkin Arrow
50:28 Arrowslits
ALVICEN
0:28 Loom
12:22 Feudal Age
14:01 Wheelbarrow
13:19 Town Watch
15:48 Double-Bit Axe
16:01 Horse Collar
23:43 Castle Age
21:54 Stone Mining
22:07 Gold Mining
25:23 Fletching
26:11 Hand Cart
25:59 Town Patrol
27:37 Bodkin Arrow
28:03 Bow Saw
28:00 Heavy Plow
31:51 Stone Shaft Mining
31:40 Forging
32:07 Gold Shaft Mining
34:24 Pikeman
39:41 Gambesons
39:42 Arson
43:35 Caravan
45:20 Stronghold
49:23 Imperial Age
47:43 Iron Casting
50:25 Conscription
50:20 Furor Celtica
49:38 Elite Woad Raider
FluxyAshYT
1:10 Loom
13:59 Feudal Age
18:49 Castle Age
17:22 Stone Mining
19:39 Double-Bit Axe
21:19 Horse Collar
21:53 Bow Saw
23:37 Fletching
25:21 Gold Mining
26:48 Padded Archer Armor
29:53 Imperial Age
29:19 Forging
29:53 Treadmill Crane
30:42 Bodkin Arrow
31:03 Leather Archer Armor
31:31 Silk Road
32:25 Chemistry
33:21 Wheelbarrow
34:00 Iron Casting
33:43 Town Watch
35:23 Caravan
38:38 Elite Genoese Crossbowman
48:39 Bracer
49:09 Ring Archer Armor
49:40 Blast Furnace
Friedsotong
0:49 Loom
12:44 Feudal Age
14:35 Horse Collar
16:30 Double-Bit Axe
21:35 Castle Age
20:23 Stone Mining
20:26 Gold Mining
22:16 Heavy Plow
23:24 Bow Saw
23:30 Husbandry
30:20 Bloodlines
33:03 Szlachta Privileges
36:40 Imperial Age
35:34 Wheelbarrow
36:01 Stone Shaft Mining
36:53 Scale Barding Armor
36:58 Forging
38:06 Cavalier
39:43 Conscription
44:09 Chain Barding Armor
44:26 Iron Casting
maxbrinkmann95
9:58 Loom
12:13 Feudal Age
13:23 Double-Bit Axe
14:15 Wheelbarrow
13:22 Horse Collar
15:19 Forging
21:00 Castle Age
20:11 Stone Mining
23:17 Hand Cart
22:49 Town Watch
27:22 Bow Saw
27:15 Heavy Plow
27:11 Treadmill Crane
27:34 Caravan
30:19 Imperial Age
28:45 Pikeman
29:47 Gold Mining
31:49 Guilds
33:42 Two-Man Saw
34:56 Fervor
34:58 Elite Longbowman
36:02 Yeomen
37:09 Warwolf
37:30 Conscription
39:12 Chemistry
38:34 Ballistics
38:20 Siege Engineers
38:31 Halberdier
39:12 Squires
39:07 Fletching
39:18 Scale Mail Armor
41:52 Bodkin Arrow
41:57 Padded Archer Armor
45:28 Masonry
45:57 Coinage
46:28 Bracer
46:43 Leather Archer Armor
47:05 Iron Casting
46:45 Chain Mail Armor
47:22 Hoardings
48:08 Town Patrol
48:41 Banking
48:47 Architecture
Connection lost

Rejoining the realm…

Still unreachable

The connection could not be restored.

Session expired

The server has moved on; the page needs a fresh start.